[Event "Late-Titled-Tuesday-Blitz-May-14-2024"]
[Site "Chess.com"]
[Date "2024.05.14"]
[Round "2"]
[White "dropstoneDP"]
[Black "PabloZarnicki"]
[Result "1-0"]
[WhiteElo "2951"]
[BlackElo "2553"]
[TimeControl "180+1"]
[EndTime "14:18:04 PDT"]
[Termination "dropstoneDP won on time"]

1. e4 e5 2. Nf3 Nf6 3. Nxe5 d6 4. Nf3 Nxe4 5. Qe2 Qe7 6. d3 Nf6 7. Qxe7+ Bxe7 8. g3 b6 9. Bg2 Bb7 10. O-O O-O 11. Re1 Re8 12. Nd4 Bxg2 13. Kxg2 c5 14. Nb5 Na6 15. Bf4 Bf8 16. N1a3 d5 17. Nc7 Nxc7 18.
Bxc7 Rac8 19. Bf4 a6 20. c4 g6 21. Nc2 Nh5 22. Be5 dxc4 23. dxc4 Bg7 24. Bxg7 Nxg7 25.
Ne3 Re6 26. Nd5 Rce8 27. Rxe6 Rxe6 28. g4 h6 29. Rb1 Ne8 30. b4 Kg7 31. bxc5 bxc5 32.
Rb6 Rxb6 33. Nxb6 Nd6 34. Kf3 Kf6 35. h3 Ke5 36. Ke3 g5 37. Nd7+ Ke6 38. Nxc5+ Ke5 39. Nd3+ Ke6 40. Kd4 f5 41. f3 fxg4 42.
fxg4 Ne8 43. Nc5+ Kd6 44. Nxa6 Ng7 45. Nc5 Kc6 46. Nd3 h5 47. Ke5 hxg4 48. hxg4 Ne8 49.
Kf5 Nd6+ 50. Kxg5 Nxc4 51. Kf6 Ne3 52. g5 Nd5+ 53. Kf7 1-0

[Event "Late-Titled-Tuesday-Blitz-May-14-2024"]
[Site "Chess.com"]
[Date "2024.05.14"]
[Round "2"]
[White "Christian-Toth"]
[Black "Oleg_Papayan"]
[Result "0-1"]
[WhiteElo "2388"]
[BlackElo "2630"]
[TimeControl "180+1"]
[EndTime "14:18:04 PDT"]
[Termination "Oleg_Papayan won on time"]

1. e4 d5 2. exd5 Qxd5 3. Nc3 Qd8 4. d4 c6 5. Nf3 Bf5 6. Ne5 Nd7 7. Nc4 e6 8. Be2 Ngf6 9. O-O Be7 10. h3 O-O 11.
Bg5 h6 12. Bh4 Nb6 13. Ne3 Bg6 14. Bf3 Nfd5 15. Bxe7 Qxe7 16. Ncxd5 cxd5 17. c3 Rac8 18. Re1 Qd6 19. Ng4 Nc4 20. Qe2 Qb6 21. b3 Nd6 22. Rac1 Be4 23. Ne5 Rfd8 24. Red1 a6 25. Bxe4 Nxe4 26.
Qe3 Nd6 27. c4 dxc4 28. bxc4 Nf5 29. Qf4 Rxd4 30. Rxd4 Qxd4 31. Qxd4 Nxd4 32. Kf1 Nc6 33. Nxc6 Rxc6 34. Rb1 Rxc4 35. Rxb7 Rc1+ 36. Ke2 Rc2+ 37. Kf3 Rxa2 38. g4 g5 39. Kg3 Ra3+ 40. f3 a5 41. Ra7 Kg7 42. Rc7 a4 43. Ra7 Ra2 44.
h4 a3 45. h5 Ra1 46. Rb7 Rc1 47. Ra7 Ra1 48. Kg2 Kf6 49. Ra5 Kg7 50. Ra7 Kf8 51. Kh2 f5 52. Kg2 fxg4 53. fxg4 a2 54. Kh2 e5 55. Kg2 e4 56. Kh2 e3 0-1

[Event "Late-Titled-Tuesday-Blitz-May-14-2024"]
[Site "Chess.com"]
[Date "2024.05.14"]
[Round "2"]
[White "KirAk47"]
[Black "PNEPaul"]
[Result "1-0"]
[WhiteElo "2438"]
[BlackElo "1922"]
[TimeControl "180+1"]
[EndTime "14:18:04 PDT"]
[Termination "KirAk47 won on time"]

1. d4 a6 2. g3 d6 3. Bg2 g6 4.
c4 h6 5. Nc3 Bg7 6. e4 Nd7 7.
Nge2 e6 8. Be3 Ne7 9. Qd2 Nf6 10. h3 g5 11. f4 g4 12. e5 dxe5 13. fxe5 Nd7 14. hxg4 c5 15. Bxh6 Bxh6 16. Rxh6 Rxh6 17. Qxh6 cxd4 18. Ne4 Qa5+ 19. b4 Qxe5 20. O-O-O Nc6 21.
a3 Nb6 22. c5 Nc4 23. Qf4 d3 24. Nd6+ Ke7 25. Qxf7+ Kd8 26. Nxc4 Qa1+ 27. Kd2 Qa2+ 28. Kxd3 Qb3+ 29. Ke4+ Qxd1 30. Qf8+ Kc7 31. Qd6+ Qxd6 32. cxd6+ Kd8 33. Nb6 Rb8 34. g5 1-0

[Event "Late-Titled-Tuesday-Blitz-May-14-2024"]
[Site "Chess.com"]
[Date "2024.05.14"]
[Round "2"]
[White "Boninknights"]
[Black "GoltsevDmitry2000"]
[Result "0-1"]
[WhiteElo "2390"]
[BlackElo "2738"]
[TimeControl "180+1"]
[EndTime "14:18:05 PDT"]
[Termination "GoltsevDmitry2000 won by resignation"]

1. d4 e6 2. Nf3 Nf6 3. c4 d5 4. Nc3 dxc4 5. e3 c5 6. Bxc4 Nc6 7. O-O a6 8. dxc5 Qxd1 9. Rxd1 Bxc5 10. a3 b5 11. Be2 Bb7 12. b4 Be7 13. Bb2 O-O 14. Rac1 Rfd8 15. Rxd8+ Rxd8 16. Rd1 Rxd1+ 17. Bxd1 Nb8 18.
Nd4 Nfd7 19. Bf3 Bxf3 20. gxf3 Nb6 21. Nb3 Nc4 22. Bc1 Nd7 23. Kf1 f5 24. Ke2 Bf6 25.
Nb1 Kf7 26. N1d2 Ncb6 27. Kd3 Na4 28. f4 Ke7 29. f3 Ndb6 30. e4 Kd7 31. e5 Be7 32.
Nd4 Nd5 33. N2b3 g6 34. h3 Bf8 35. Bd2 Nb2+ 36. Kc2 Nc4 37. Nc5+ Bxc5 38. bxc5 Nxa3+ 39. Kb3 Nc4 40. c6+ Kc7 41. Nxe6+ Kxc6 42. Nd4+ Kc5 43. Ne6+ Kb6 44. Bb4 a5 45. Bc5+ Kc6 46. Bf2 a4+ 47. Kc2 b4 48. Nd4+ Kd7 49. e6+ Ke8 50. Bh4 b3+ 51.
Kb1 Nc3+ 0-1

[Event "Late-Titled-Tuesday-Blitz-May-14-2024"]
[Site "Chess.com"]
[Date "2024.05.14"]
[Round "2"]
[White "TanitoluwaAps116"]
[Black "pirulillo"]
[Result "1-0"]
[WhiteElo "2747"]
[BlackElo "2422"]
[TimeControl "180+1"]
[EndTime "14:18:06 PDT"]
[Termination "TanitoluwaAps116 won by checkmate"]

1. e4 c5 2. Nf3 e6 3. c3 Nf6 4. e5 Nd5 5. Bc4 d6 6. d4 cxd4 7. cxd4 Be7 8. O-O O-O 9. Qe2 Nb6 10. Bd3 d5 11. Nc3 N8d7 12. h4 f5 13. exf6 Nxf6 14.
Ne5 Nbd7 15. Bg5 Bd6 16. Rae1 h6 17. Ng6 Re8 18. Nb5 Bb8 19. Bd2 a6 20. Nc3 Nf8 21. Ne5 Bxe5 22. dxe5 N6d7 23. Qg4 Kh8 24. Re3 Qe7 25. Rfe1 Qf7 26. Rf3 Qg8 27. Rg3 b5 28.
Bxh6 Nh7 29. Bg5 Nxg5 30. hxg5 g6 31. Qh4+ Kg7 32. Qh6+ Kf7 33. Bxg6+ Ke7 34. Bxe8 Qxe8 35. g6 Bb7 36. Qg5+ Kf8 37. Rf3+ Kg8 38. Rf7 Nf8 39. Qf6 Nxg6 40. Qg7# 1-0

[Event "Late-Titled-Tuesday-Blitz-May-14-2024"]
[Site "Chess.com"]
[Date "2024.05.14"]
[Round "2"]
[White "ViIIagra"]
[Black "Gangster-accountant01"]
[Result "1-0"]
[WhiteElo "2841"]
[BlackElo "2576"]
[TimeControl "180+1"]
[EndTime "14:18:08 PDT"]
[Termination "ViIIagra won by resignation"]

1. b3 d5 2. Bb2 Bf5 3. Nf3 Nf6 4. Nh4 Bg4 5. h3 Bh5 6. g4 Bg6 7. Bg2 Be4 8. f3 Bg6 9. f4 e6 10. Nf3 Nc6 11. e3 h5 12. g5 Ne4 13. O-O f6 14.
Nc3 Bc5 15. Nh4 Bf7 16. Bxe4 dxe4 17. Nxe4 Be7 18. g6 Bg8 19. f5 Qd5 20. Qf3 O-O-O 21. d4 exf5 22. Nxf5 Be6 23. c4 Qxf5 24. Qxf5 Bxf5 25.
Rxf5 Rh6 26. Kf2 Nb4 27. Bc3 Nc6 28. Rg1 Ba3 29. Ng3 Rdh8 30. Ne2 b6 31. Rf3 Ne7 32.
Nf4 Kd7 33. b4 a5 34. bxa5 Bd6 35. axb6 cxb6 36. Rb1 Bxf4 37. exf4 Rxg6 38. Rxb6 Rc8 39.
Rb7+ Kd8 40. Ba5+ Ke8 41. Re3 Kf8 42. Rbxe7 f5 43. Bb4 Kg8 44. Re8+ Rxe8 45. Rxe8+ Kh7 46. d5 Rb6 47. d6 Rxb4 48. d7 Rb2+ 49. Ke1 1-0

[Event "Late-Titled-Tuesday-Blitz-May-14-2024"]
[Site "Chess.com"]
[Date "2024.05.14"]
[Round "2"]
[White "xasid81"]
[Black "Angry_Twin"]
[Result "1/2-1/2"]
[WhiteElo "2632"]
[BlackElo "2909"]
[TimeControl "180+1"]
[EndTime "14:18:09 PDT"]
[Termination "Game drawn - insufficient material"]

1. Nf3 Nf6 2. d4 d5 3. g3 Bf5 4. Bg2 c6 5. O-O e6 6. b3 Nbd7 7. Bb2 Be7 8. Nh4 Bg4 9. h3 Bh5 10. Nd2 O-O 11. g4 Bg6 12. Nxg6 hxg6 13. e4 dxe4 14.
Nxe4 Nxe4 15. Bxe4 Bf6 16. c4 Re8 17. Qd2 Qc7 18.
Rad1 Rad8 19. Bg2 g5 20. Rfe1 Qf4 21. Qxf4 gxf4 22. Bc1 g5 23. d5 exd5 24. cxd5 Rxe1+ 25. Rxe1 cxd5 26. Bxd5 Nc5 27. Bf3 Bd4 28. Rd1 Ne6 29. Kf1 b6 30. Be4 Rc8 31. Bf5 Be5 32. Re1 Bf6 33.
Bxf4 gxf4 34. Rxe6 Kg7 35. Re4 Rc1+ 36. Kg2 Bg5 37.
h4 Bxh4 38. Rxf4 Rc7 39. Rd4 Bf6 40. Rd7 Rxd7 41. Bxd7 a5 42. f4 Bd4 43. Kf3 f6 44. Ke4 Bg1 45. Be6 Bf2 46. Kf5 Bd4 47. g5 fxg5 48.
fxg5 Bc5 49. Bc4 Bg1 50. Bd3 Bc5 51. Ke6 Bg1 52. Kd5 Bf2 53. g6 Bg1 54. Kc6 Bf2 55.
Kb5 Bg1 56. a4 Bc5 57. Bc2 Bg1 58. b4 axb4 59. Kxb4 Bf2 60. Kb5 Bg1 61. Bb1 Bf2 62. a5 bxa5 63. Kxa5 Bh4 64. Ba2 Bf6 65. Bg8 Kxg6 1/2-1/2

[Event "Late-Titled-Tuesday-Blitz-May-14-2024"]
[Site "Chess.com"]
[Date "2024.05.14"]
[Round "2"]
[White "wild3000"]
[Black "carloseduar100"]
[Result "1-0"]
[WhiteElo "2503"]
[BlackElo "2246"]
[TimeControl "180+1"]
[EndTime "14:18:09 PDT"]
[Termination "wild3000 won by resignation"]

1. d4 d5 2. Nf3 c6 3. e3 Nf6 4. Be2 g6 5. O-O Bg7 6. b3 O-O 7. Bb2 Nbd7 8. c4 Re8 9. Nbd2 e5 10.
Nxe5 Nxe5 11. dxe5 Nd7 12. cxd5 Nxe5 13. dxc6 bxc6 14.
Rc1 Bf5 15. Bxe5 Bxe5 16. Nc4 Bf6 17. Qxd8 Raxd8 18. Bf3 c5 19. Na5 Rd2 20. a4 Rc2 21. Rxc2 Bxc2 22. Rc1 Be4 23. Bxe4 Rxe4 24. Rxc5 Rb4 25.
Rb5 Re4 26. g3 Kg7 27. Rb7 a6 28. Nc4 Re8 29. Ra7 Re6 30. Kf1 Bc3 31. Ke2 h5 32. h4 Bb4 33. Rb7 Bc3 34. Kd3 Be1 35. Ke2 Bc3 36.
f4 Re8 37. Nd6 Rf8 38. e4 Kf6 39. e5+ Ke6 40. Rb6 Kd5 41. Rxa6 Rb8 42. Nb5 Bb4 43.
Ra7 Ke4 44. Rxf7 Rc8 45. Nd6+ Bxd6 46. exd6 Rc2+ 47. Kd1 Rc3 48. d7 Rd3+ 49. Kc2 Rd6 50. b4 Kf3 51. b5 Kxg3 52. a5 Kxh4 53. a6 1-0

[Event "Late-Titled-Tuesday-Blitz-May-14-2024"]
[Site "Chess.com"]
[Date "2024.05.14"]
[Round "2"]
[White "lluiss"]
[Black "SharathRk6"]
[Result "0-1"]
[WhiteElo "2205"]
[BlackElo "2479"]
[TimeControl "180+1"]
[EndTime "14:18:12 PDT"]
[Termination "SharathRk6 won on time"]

1. Nf3 Nf6 2. d4 d5 3. c4 e6 4. cxd5 exd5 5. Nc3 Be7 6. Bg5 O-O 7. Qc2 c6 8. e3 Nbd7 9. Bd3 Re8 10. O-O-O h6 11. h4 b5 12. Kb1 Ne4 13. Nxe4 dxe4 14. Bxe4 hxg5 15. hxg5 Bxg5 16. Bxc6 Rb8 17. Qh7+ Kf8 18. Ne5 Bf6 19. f4 Rb6 20. Bd5 Bxe5 21. dxe5 Rg6 22. g4 Qb6 23. f5 Rxg4 24. f6 Nxf6 25. exf6 Qxf6 26. Qh8+ Ke7 27. Qh3 Bf5+ 28. Ka1 Rg1 29. Qg3 Rxh1 30. Rxh1 Rc8 31. Qf2 Qe5 32. Rd1 Qxd5 0-1

[Event "Late-Titled-Tuesday-Blitz-May-14-2024"]
[Site "Chess.com"]
[Date "2024.05.14"]
[Round "2"]
[White "slidingknight2775"]
[Black "BilodeauA"]
[Result "0-1"]
[WhiteElo "2612"]
[BlackElo "2900"]
[TimeControl "180+1"]
[EndTime "14:18:15 PDT"]
[Termination "BilodeauA won by resignation"]

1. c4 e5 2. Nc3 d6 3. g3 Nc6 4. Nf3 f5 5. d4 e4 6. Nh4 Be7 7. Ng2 Nf6 8. Nf4 O-O 9. Bg2 Nb8 10. Nfd5 c6 11. Nxe7+ Qxe7 12. O-O d5 13. b3 Be6 14.
cxd5 cxd5 15. a4 Rc8 16. Ba3 Qd7 17. Rc1 Nc6 18. Qd2 a6 19. Na2 Ne8 20. Nb4 Ne7 21.
Rxc8 Rxc8 22. Rc1 Ra8 23. Na2 Nc6 24. Nb4 Nd8 25. Rc2 Nf7 26. Na2 h6 27. Nc3 Kh7 28.
Nd1 Nd8 29. Ne3 Nc6 30. Rc1 Nf6 31. Bf1 Bf7 32. Ng2 Rc8 33. h4 Qe8 34. Nf4 Qd7 35. Rc3 Rg8 36. Rc1 g5 37. Ng2 Nh5 38. Kh2 f4 39. gxf4 gxf4 40. Nxf4 Qg4 41. Nh3 Be6 42. Qe3 Qxh4 43. Bg2 Rxg2+ 44. Kxg2 Bxh3+ 45. Kg1 Qg4+ 0-1

[Event "Late-Titled-Tuesday-Blitz-May-14-2024"]
[Site "Chess.com"]
[Date "2024.05.14"]
[Round "2"]
[White "jeetjain"]
[Black "Arystanner"]
[Result "0-1"]
[WhiteElo "2576"]
[BlackElo "2840"]
[TimeControl "180+1"]
[EndTime "14:18:15 PDT"]
[Termination "Arystanner won by resignation"]

1. Nf3 d5 2. b3 Nf6 3. Bb2 e6 4. e3 Bd6 5. c4 O-O 6. Nc3 c5 7.
cxd5 exd5 8. d4 cxd4 9. Nxd4 Nc6 10. Be2 Nxd4 11. Qxd4 Re8 12. O-O Be5 13. Qd3 Be6 14. Rfd1 Rc8 15. Rab1 Qa5 16. Nb5 Bxb2 17. Rxb2 Red8 18.
Nd4 Bd7 19. b4 Qb6 20. Bf3 g6 21. a3 Kg7 22. h3 h5 23. Ne2 Ba4 24. Rc1 Rxc1+ 25.
Nxc1 d4 26. exd4 Rxd4 27. Qe3 Qd6 28. Na2 Bc6 29. Rb1 Rd3 30. Qe2 Bxf3 31. gxf3 Rxa3 32.
b5 Qd5 33. Nb4 Qxf3 34. Qxf3 Rxf3 35. Kg2 Rf5 36. Nd3 Nd5 37. Ra1 Nc7 38. Rxa7 Rxb5 39. Nf4 Ne6 40. Nd3 Rb3 41. Ne5 Nf4+ 42. Kg1 Nxh3+ 43.
Kf1 Nf4 44. Ke1 h4 45. Ra4 g5 46. Kd2 h3 47. Ra1 f6 48. Ng4 Kg6 49. Rh1 f5 50. Ne5+ Kf6 51. Nd7+ Ke7 52. Nc5 Rb2+ 53. Ke3 b6 54.
Na4 Rb3+ 55. Kd2 Kf6 56. Nc3 g4 57. Nd1 Kg5 58. Ne3 Rb2+ 59. Ke1 Rb1+ 60. Nd1 b5 61. Kd2 b4 62. f3 g3 63. Rg1 g2 64. Kc2 Ra1 65. Kb2 Rxd1 66. Rxd1 h2 0-1

[Event "Late-Titled-Tuesday-Blitz-May-14-2024"]
[Site "Chess.com"]
[Date "2024.05.14"]
[Round "2"]
[White "Oneofmyturns"]
[Black "hikaruchija"]
[Result "0-1"]
[WhiteElo "2797"]
[BlackElo "2585"]
[TimeControl "180+1"]
[EndTime "14:18:16 PDT"]
[Termination "hikaruchija won by resignation"]

1. d4 g6 2. c4 Bg7 3. Nc3 d6 4. e4 e5 5. d5 a5 6. Be3 Na6 7. h3 Nf6 8. Nf3 O-O 9. Nd2 c6 10.
g4 Nc5 11. Qc2 Nfd7 12. Be2 Nb6 13. h4 cxd5 14. cxd5 Bd7 15. h5 Rc8 16. Rc1 Bf6 17. hxg6 fxg6 18. Nc4 Nxc4 19. Bxc4 Bg5 20. Rg1 Bxe3 21.
fxe3 Qh4+ 22. Kd2 Rf2+ 23. Be2 Bxg4 24. Rce1 b5 25. Kd1 Bd7 26. Ref1 b4 27. Nb1 Nxe4 28.
Qd3 Rxf1+ 29. Rxf1 Nf2+ 30. Rxf2 Qxf2 31. Nd2 Qg1+ 32.
Nf1 Bh3 33. Kd2 Bxf1 34. Bxf1 Rf8 35. Be2 Rf2 36. Qa6 Qg2 37. Qc8+ Kg7 38. Qd8 Rxe2+ 0-1

[Event "Late-Titled-Tuesday-Blitz-May-14-2024"]
[Site "Chess.com"]
[Date "2024.05.14"]
[Round "2"]
[White "Sanan_Sjugirov"]
[Black "Flawless_Fighter"]
[Result "1-0"]
[WhiteElo "3043"]
[BlackElo "2669"]
[TimeControl "180+1"]
[EndTime "14:18:18 PDT"]
[Termination "Sanan_Sjugirov won by resignation"]

1. e4 c6 2. d4 d5 3. Nc3 dxe4 4. Nxe4 Nf6 5. Nxf6+ exf6 6. c3 Bd6 7. Bd3 O-O 8. Ne2 Re8 9. O-O h5 10. Ng3 g6 11. Ne4 Be7 12. Bf4 f5 13. Nd2 Be6 14. Re1 Nd7 15. Nf3 Nf6 16. Ng5 Nd5 17. Nxe6 fxe6 18.
Be5 Bd6 19. Qf3 Bxe5 20. Rxe5 Qf6 21. Rae1 Re7 22. a4 a5 23. h3 Kg7 24. Bc4 Rae8 25. Bb3 Kf7 26. Qg3 Kg7 27. Rd1 b6 28. Rde1 Nc7 29.
Qf3 Nd5 30. Bc4 Kh7 31. Kh2 Kg7 32. Qe2 Nc7 33. Qd2 h4 34. Be2 c5 35. Bc4 Rd8 36. Qe3 cxd4 37. cxd4 Red7 38. Bxe6 Rxd4 39. Bb3 f4 40. Re7+ Kh6 41. Qc3 Nd5 42. Bxd5 R8xd5 43. R1e6 Qg5 44. Qc7 Qf5 45. Rh7+ Kg5 46. Qe7+ 1-0

[Event "Late-Titled-Tuesday-Blitz-May-14-2024"]
[Site "Chess.com"]
[Date "2024.05.14"]
[Round "2"]
[White "NajdorfPlayerc5"]
[Black "Evan_Attaker"]
[Result "0-1"]
[WhiteElo "2390"]
[BlackElo "2651"]
[TimeControl "180+1"]
[EndTime "14:18:18 PDT"]
[Termination "Evan_Attaker won on time"]

1. Nf3 c5 2. g3 b6 3. Bg2 Bb7 4. O-O Nf6 5. d4 cxd4 6. Nxd4 Bxg2 7. Kxg2 e6 8. c4 a6 9. b3 Be7 10. Bb2 d6 11. Nc3 Qc7 12. e4 Nbd7 13. Re1 Rc8 14.
Nd5 exd5 15. exd5 Kf8 16. Nc6 Re8 17. Qf3 h5 18. Re2 Nb8 19. Bxf6 Bxf6 20. Rxe8+ Kxe8 21. Re1+ Kf8 22. Qe3 g6 23. Qf4 Kg7 24. Nb4 b5 25. Re3 bxc4 26. bxc4 a5 27. Nd3 Nd7 28. Rf3 Rc8 29.
c5 dxc5 30. d6 Qc6 31. Ne5 Bxe5 32. Qxf7+ Kh6 33. h4 Rf8 34. Qe7 Qxf3+ 0-1

[Event "Late-Titled-Tuesday-Blitz-May-14-2024"]
[Site "Chess.com"]
[Date "2024.05.14"]
[Round "2"]
[White "Javadovvv"]
[Black "MaxLeto"]
[Result "0-1"]
[WhiteElo "2579"]
[BlackElo "2383"]
[TimeControl "180+1"]
[EndTime "14:18:18 PDT"]
[Termination "MaxLeto won by resignation"]

1. d4 d5 2. Nf3 Nf6 3. Bf4 c5 4. e3 Nc6 5. c3 Qb6 6. Qc2 Bf5 7. dxc5 Bxc2 8. cxb6 Bxb1 9. Rxb1 axb6 10. a3 e6 11. Be2 Be7 12. O-O O-O 13. h3 Ne4 14. Rbd1 Na5 15.
Nd4 Rfc8 16. Rfe1 Nc4 17. Bxc4 Rxc4 18. Bc7 Rxc7 19. Nb5 Rc5 20. Nd4 Bf6 21. Nf3 Kf8 22.
g4 Rca5 23. Re2 Ke8 24. Rc2 Nd6 25. h4 h6 26. Kg2 Be7 27. Rh1 f6 28. Nd4 Kf7 29. Rd1 Nc4 30. Re1 Rc8 31. Ree2 e5 32.
Nf5 Bf8 33. f3 g6 34. Ng3 Rb5 35. h5 gxh5 36. Nxh5 Bc5 37. e4 Ne3+ 38. Rxe3 Bxe3 39. Ng3 d4 40. c4 Rbc5 41. b3 b5 42. Nf5 R8c6 43.
Rb2 bxc4 44. bxc4 b6 45. a4 Rxc4 46. Kg3 Rxa4 47. Rh2 Bf4+ 48. Kh4 Bxh2 49. g5 hxg5+ 50. Kh5 Bf4 51. Nh6+ Ke6 52. Kg6 Rc1 53. Nf5 b5 54. Ng7+ Kd6 55. Ne8+ Kc5 56. Nxf6 b4 57. Nd7+ Kc4 58.
Nb6+ Kb5 59. Nd5 b3 60. Nc7+ Kc4 61. Kf6 b2 62. Ne6 b1=Q 63. Kf5 Qd3 64. Nd8 Qxf3 65. Ke6 Qxe4 66. Nb7 Qxb7 67. Kd6 g4 0-1

[Event "Late-Titled-Tuesday-Blitz-May-14-2024"]
[Site "Chess.com"]
[Date "2024.05.14"]
[Round "2"]
[White "Orest_Vovk"]
[Black "MITerryble"]
[Result "1-0"]
[WhiteElo "2675"]
[BlackElo "3000"]
[TimeControl "180+1"]
[EndTime "14:18:19 PDT"]
[Termination "Orest_Vovk won by resignation"]

1. h4 d5 2. h5 e5 3. h6 Nxh6 4. d4 e4 5. Bxh6 gxh6 6. e3 c5 7. Nc3 Nc6 8. dxc5 Be6 9. Rh5 f5 10. Nge2 Ne7 11. Nf4 Bf7 12. Bb5+ Nc6 13. Rxf5 Bg7 14.
Rxf7 Kxf7 15. Qh5+ Kg8 16. O-O-O Qg5 17. Qh3 Bxc3 18.
Rxd5 Bxb2+ 19. Kxb2 Qf6+ 20. c3 Rd8 21. Rxd8+ Nxd8 22. Bc4+ Kf8 23. Qd7 h5 24. Nxh5 Qxf2+ 25. Kb3 Qh4 26. Qg7+ Ke8 27. Nf6+ Qxf6 28. Qxf6 Rf8 29.
Qe5+ Kd7 30. Qd6+ Ke8 31. Bb5+ Kf7 32. Qd5+ Kf6 33. Qxe4 Ne6 34. Qh4+ Ke5 35. Kb4 a5+ 36. Ka3 Rf5 37. Bc4 h5 38. Bxe6 Kxe6 39. Qe4+ Re5 40. Qxb7 Rxc5 41. Qb6+ Kd5 42. Qxc5+ Kxc5 43. Ka4 h4 44. Kxa5 Kc4 45. e4 Kd3 46. e5 Ke2 47.
e6 Kf2 48. e7 Kxg2 49. e8=Q h3 50. Qh5 h2 51. Qxh2+ 1-0

[Event "Late-Titled-Tuesday-Blitz-May-14-2024"]
[Site "Chess.com"]
[Date "2024.05.14"]
[Round "2"]
[White "LiemLe"]
[Black "guineo59"]
[Result "1-0"]
[WhiteElo "3037"]
[BlackElo "2218"]
[TimeControl "180+1"]
[EndTime "14:18:19 PDT"]
[Termination "LiemLe won by checkmate"]

1. Nf3 Nf6 2. c4 g6 3. Nc3 Bg7 4. e4 d6 5. d4 O-O 6. Be2 Na6 7. O-O e5 8. Re1 c6 9. Bf1 Bg4 10. d5 Nb4 11. Be2 a5 12. Be3 c5 13. a3 Na6 14. Nd2 Bd7 15. Rb1 Ne8 16. Kh1 f5 17. exf5 gxf5 18. f4 e4 19. Rg1 Nf6 20. h3 Kh8 21. Qe1 Nc7 22. g4 b5 23. g5 Ng8 24.
cxb5 Ne7 25. Bc4 a4 26. Qe2 Rb8 27. Rgd1 Be8 28. Nf1 Qd7 29. Bxc5 dxc5 30. d6 Ne6 31. Bxe6 Qxe6 32. dxe7 Qxe7 33. Ne3 Bd4 34. Rd2 Qb7 35. Rbd1 Bxb5 36. Qe1 Bd3 37. Nxa4 c4 38. Nc3 Qb6 39. Nxc4 Bxc3 40. Nxb6 Bxd2 41. Qxd2 Rxb6 42. Rc1 Kg8 43. b4 Re6 44. Rc7 Rf7 45. Rc8+ Rf8 46. Qa2 Kf7 47.
Rc7+ Kg6 48. Qxe6+ Kh5 49. Rxh7# 1-0

[Event "Late-Titled-Tuesday-Blitz-May-14-2024"]
[Site "Chess.com"]
[Date "2024.05.14"]
[Round "2"]
[White "ferrufino64"]
[Black "GMMikhailKazakov"]
[Result "1-0"]
[WhiteElo "2312"]
[BlackElo "2507"]
[TimeControl "180+1"]
[EndTime "14:18:20 PDT"]
[Termination "ferrufino64 won on time"]

1. e4 c5 2. Nf3 e6 3. d4 cxd4 4.
Nxd4 Nc6 5. Nc3 Qc7 6. a3 a6 7.
Be3 Nf6 8. f3 Be7 9. g4 O-O 10.
h4 Rd8 11. Qd2 b5 12. O-O-O Bb7 13. h5 b4 14. axb4 Bxb4 15. g5 Ne8 16. Nxc6 Qxc6 17.
h6 Bxc3 18. Qxc3 Qxc3 19. bxc3 g6 20. Kd2 d5 21. exd5 Bxd5 22. Ke2 Bxf3+ 23. Kxf3 Rxd1 24.
Ke2 Rad8 25. Bd4 Rb1 26. Rh4 Nd6 27. Bf6 Rc8 28. Ra4 Rb6 29. Bd4 Nb5 30. Kd3 Nxd4 31. cxd4 Rbc6 32. Ra2 Rc3+ 33. Kd2 Rg3 34. Bxa6 Ra8 35.
Rb2 Rxg5 36. Be2 Rd8 37. Ke3 Rg3+ 38. Bf3 Rh3 39. c4 Rxh6 40. c5 Rh3 41. c6 Kf8 42. c7 Ke7 43. Rb8 1-0

[Event "Late-Titled-Tuesday-Blitz-May-14-2024"]
[Site "Chess.com"]
[Date "2024.05.14"]
[Round "2"]
[White "geordie_derraugh"]
[Black "chessdjw"]
[Result "0-1"]
[WhiteElo "2445"]
[BlackElo "2759"]
[TimeControl "180+1"]
[EndTime "14:18:22 PDT"]
[Termination "chessdjw won on time"]

1. e4 e5 2. Bc4 Nf6 3. d3 Bc5 4. Nc3 c6 5. f4 exf4 6. Bxf4 O-O 7. Bg5 d5 8. Bb3 Bg4 9. Nf3 h6 10. Bh4 g5 11. Bf2 Bxf2+ 12. Kxf2 Qb6+ 13. Kg3 dxe4 14. Nxe4 Qc7+ 15. Kf2 Nxe4+ 16. dxe4 Rd8 17. Qe2 Nd7 18. h3 Bxf3 19. gxf3 Ne5 20. h4 Qb6+ 21. Kg3 Ng6 22. hxg5 hxg5 23. Rae1 Kg7 24. e5 Rd4 25. e6 Qc7+ 26. Kf2 Rad8 27. e7 Rd2 28. exd8=Q Rxe2+ 29. Rxe2 Qxd8 30. Rhe1 Qd4+ 31. Kf1 Qxb2 32. Re7 Nxe7 33.
Rxe7 Qf6 34. Rxb7 Qxf3+ 35. Kg1 Kg6 36. Rc7 f6 37. Rb7 g4 38. Bf7+ Kg5 39. Be6 g3 40. Rg7+ Kh6 0-1

[Event "Late-Titled-Tuesday-Blitz-May-14-2024"]
[Site "Chess.com"]
[Date "2024.05.14"]
[Round "2"]
[White "campochess"]
[Black "Ali_rastbod"]
[Result "0-1"]
[WhiteElo "2109"]
[BlackElo "2706"]
[TimeControl "180+1"]
[EndTime "14:18:23 PDT"]
[Termination "Ali_rastbod won on time"]

1. d4 d5 2. Bg5 f6 3. Bd2 e5 4. e3 Bd6 5. c4 c6 6. cxd5 cxd5 7. Nc3 Ne7 8. Bb5+ Nbc6 9. Qh5+ g6 10.
Qe2 O-O 11. Bxc6 bxc6 12. h4 a5 13. h5 g5 14. h6 Ng6 15. Qh5 Re8 16. Nge2 Ba6 17.
O-O exd4 18. Nxd4 Bxf1 19. Rxf1 Qd7 20. Rc1 Ne5 21. Qe2 Nc4 22. b3 Nxd2 23. Qxd2 Bb4 24.
Qd3 c5 25. Nf5 Rad8 26. Ng3 Kh8 27. Na4 Qc6 28. Rc2 Rc8 29. Qf5 Qe6 30. Qf3 c4 31. bxc4 dxc4 32. Nc3 Bxc3 33. Rxc3 Qe5 34. Rc1 c3 35.
Qb7 Rc7 36. Qb3 Rec8 37. Nh5 c2 38. Qb6 Rc6 39. Qb7 Qc7 40. Qb2 Qf7 0-1

[Event "Late-Titled-Tuesday-Blitz-May-14-2024"]
[Site "Chess.com"]
[Date "2024.05.14"]
[Round "2"]
[White "Roberz12"]
[Black "PepeCuenca"]
[Result "0-1"]
[WhiteElo "2572"]
[BlackElo "2820"]
[TimeControl "180+1"]
[EndTime "14:18:24 PDT"]
[Termination "PepeCuenca won by resignation"]

1. d4 Nf6 2. f3 d5 3. Nc3 c5 4. dxc5 e5 5. e3 Bxc5 6. Nge2 O-O 7. Ng3 Nc6 8. Bd3 a6 9. O-O b5 10. Kh1 Qb6 11. Bf5 Be6 12. e4 Rad8 13. exd5 Nxd5 14. Nxd5 Bxd5 15. Qe1 g6 16. Be4 f5 17.
Bxd5+ Rxd5 18. c3 Rfd8 19. Bg5 R8d7 20. Qe2 Qc7 21. a4 Kg7 22. axb5 axb5 23. Rfd1 Rxd1+ 24.
Rxd1 Rxd1+ 25. Qxd1 Qd6 26. Qxd6 Bxd6 27. Be3 f4 28.
Ne4 fxe3 29. Kg1 Bb8 30. Kf1 Na5 31. Ke2 Ba7 32. Nd6 b4 33. Nb5 Bb6 34. cxb4 Nc6 35. Nd6 Nxb4 36. Nc4 Bd4 37. g3 Kf7 38. f4 exf4 39.
gxf4 Ke6 40. Kf3 Kd5 41. Na5 Nd3 42. b3 Nc1 0-1

[Event "Late-Titled-Tuesday-Blitz-May-14-2024"]
[Site "Chess.com"]
[Date "2024.05.14"]
[Round "2"]
[White "TheSilmarils"]
[Black "Zq1"]
[Result "1-0"]
[WhiteElo "2897"]
[BlackElo "2611"]
[TimeControl "180+1"]
[EndTime "14:18:25 PDT"]
[Termination "TheSilmarils won by resignation"]

1. Nf3 Nf6 2. c4 c5 3. Nc3 b6 4. g3 Bb7 5. Bg2 g6 6. O-O Bg7 7. d4 cxd4 8. Qxd4 d6 9. Rd1 Nbd7 10. Be3 Rc8 11. Rac1 a6 12. b3 O-O 13. Qh4 Nc5 14. Bh6 b5 15. Ng5 Bxg2 16. Kxg2 bxc4 17. Nd5 Ncd7 18.
Rxc4 Rxc4 19. bxc4 e6 20. Bxg7 Kxg7 21. Nxf6 Nxf6 22. Qd4 h6 23. Ne4 d5 24. cxd5 exd5 25. Nxf6 Qxf6 26. Qxf6+ Kxf6 27. Rxd5 Ra8 28. Ra5 Ke6 29.
e4 Kd6 30. h4 h5 31. Kf3 Kc6 32. Kf4 Kb6 33. Rd5 Kc6 34. Rd2 Re8 35. f3 Re6 36.
Kg5 a5 37. a4 Kb6 38. Rd5 Rc6 39.
f4 Rc3 40. Kf6 Rxg3 41. Kxf7 Rg4 42. f5 gxf5 43. exf5 Rxa4 44. f6 Rxh4 45. Kg6 Rg4+ 46. Kxh5 Rg1 47. f7 Rf1 48. Kg6 1-0

[Event "Late-Titled-Tuesday-Blitz-May-14-2024"]
[Site "Chess.com"]
[Date "2024.05.14"]
[Round "2"]
[White "Supelyel"]
[Black "CarlosjPineror"]
[Result "0-1"]
[WhiteElo "2427"]
[BlackElo "2738"]
[TimeControl "180+1"]
[EndTime "14:18:25 PDT"]
[Termination "CarlosjPineror won by resignation"]

1. c4 Nf6 2. Nc3 d6 3. g3 g6 4. Bg2 Bg7 5. Nf3 O-O 6. O-O c5 7. d3 Nc6 8. Bg5 Rb8 9. Bxf6 Bxf6 10. Rb1 a6 11. a3 b5 12. cxb5 axb5 13. Nd5 Bg7 14. b4 e6 15. Ne3 cxb4 16. axb4 d5 17. Qb3 Bd7 18. Rfc1 Qe7 19. Rc5 Nd4 20. Nxd4 Bxd4 21.
Rc7 Rfc8 22. Rbc1 Rxc7 23. Rxc7 Be5 24. Rc1 Bd6 25. Rb1 Rc8 26. Nc2 Qf6 27. d4 Rc4 28. e3 Qd8 29. Bf1 Rc8 30. Ne1 h5 31. Nd3 Kg7 32. Nc5 Bc6 33. Qb2 h4 34. Ra1 Qc7 35.
Bg2 e5 36. Ra6 Qe7 37. Qd2 e4 38. Qa2 Qg5 39. Ra7 Qg4 40. Qd2 Ra8 41. h3 Qc8 42. Rxa8 Qxa8 43. g4 f5 44. gxf5 gxf5 45. Qe2 Kh6 46. Bf1 Qg8+ 47. Kh1 f4 48. f3 Qg3 49. Bg2 fxe3 50. Kg1 Bf4 51. fxe4 Be8 52. Qg4 Qf2+ 53. Kh1 Qe1+ 54. Bf1 Qxf1+ 55. Qg1 Qxh3+ 0-1